 Dungeon Crawl Stone Soup version 0.28.0-53-g5a82cb258f (webtiles) character file.

Game seed: 2862427544254516103

6697 Zeld the Geomancer (level 11, 0/54 HPs)
             Began as a Gargoyle Earth Elementalist on May 26, 2022.
             Was a Priest of Vehumet.
             Slain by a yak (10 damage)
             ... on level 8 of the Dungeon.
             The game lasted 00:13:22 (13002 turns).

Zeld the Geomancer (Gargoyle Earth Elementalist)   Turns: 13002, Time: 00:13:23

Health: 0/54       AC: 18    Str: 14    XL:     11   Next: 3%
Magic:  30/33      EV: 11    Int: 30    God:    Vehumet [***...]
Gold:   1341       SH:  5    Dex: 10    Spells: 19/29 levels left

rFire   . . .      SeeInvis +   y - +1 short sword "Stringbean" {spect, rPois MP+9 Str+3 Int+4}
rCold   . . .      Faith    .   (no shield)
rNeg    + . .      Spirit   .   b - +6 leather armour of Amorality {Int+5}
rPois   ∞          Reflect  +   (no helmet)
rElec   +          Harm     .   j - scarf {repulsion}
rCorr   .          Rampage  .   (no gloves)
Will    .....                   e - +0 pair of boots
Stlth   ++........              u - amulet of reflection
HPRegen 0.18/turn               i - ring of see invisible
MPRegen 0.23/turn               (no ring)

@: repel missiles
A: sickness immunity, AC +8, negative energy resistance 1, electricity
resistance, torment resistance 1, petrification resistance
a: Renounce Religion


You were on level 8 of the Dungeon.
You worshipped Vehumet.
Vehumet was most pleased with you.
You visited 2 branches of the dungeon, and saw 10 of its levels.
You also visited: Bailey.

You collected 1656 gold pieces.
You spent 315 gold pieces at shops.

Inventory:

Hand Weapons
 a - a +1 vorpal dire flail
 y - the +1 short sword "Stringbean" (weapon) {spect, rPois MP+9 Str+3 Int+4}
   (You found it on level 7 of the Dungeon)

   When its wielder attacks, the weapon's spirit leaps out and strikes again.
   The spirit shares a part of any damage it takes with its wielder.
   Str:       It affects your strength (+3).
   Int:       It affects your intelligence (+4).
   rPois:     It protects you from poison.
   MP:        It affects your magic capacity (+9).
Missiles
 c - 311 stones
Armour
 b - the +6 leather armour of Amorality (worn) {Int+5}
   (You found it on level 2 of the Dungeon)

   Int:       It affects your intelligence (+5).
 e - a +0 pair of boots (worn)
 j - a scarf of repulsion (worn)
Jewellery
 i - a ring of see invisible (left hand)
 n - a ring of protection from cold
 u - an amulet of reflection (around neck)
Wands
 d - a wand of flame (6)
 o - a wand of polymorph (18)
Scrolls
 l - 7 scrolls of teleportation
 p - a scroll of amnesia
 r - a scroll of summoning
 s - 3 scrolls of fear
 t - a scroll of holy word
 A - a scroll of fog {unknown}
Potions
 f - a potion of brilliance {unknown}
 g - 8 potions of curing {unknown}
 h - 4 potions of resistance {unknown}
 k - a potion of lignification {unknown}
 m - 3 potions of heal wounds {unknown}
 q - a potion of mutation {unknown}
 v - 3 potions of invisibility
 w - a potion of degeneration {unknown}
 x - 3 potions of cancellation {unknown}
 z - a potion of berserk rage {unknown}
 B - a potion of might {unknown}
 C - 3 potions of haste {unknown}
 D - 2 potions of experience {unknown}
 E - a potion of magic {unknown}


   Skills:
 - Level 1.5 Dodging
 - Level 2.1 Stealth
 * Level 9.9 Spellcasting
 + Level 7.2 Conjurations
 - Level 2.0 Transmutations
 * Level 13.0 Earth Magic


You had 19 spell levels left.
You knew the following spells:

 Your Spells              Type           Power      Damage    Failure   Level
a - Sandblast             Erth           100%       2d20      0%          1
b - Passwall              Tmut/Erth      46%        N/A       1%          2
c - Stone Arrow           Conj/Erth      100%       3d13      1%          3
d - Petrify               Tmut/Erth      56%        N/A       1%          4

Your spell library contained the following spells:

 Spells                   Type           Power      Damage    Failure   Level
 Mephitic Cloud           Conj/Pois/Air  29%        N/A       1%          3


Dungeon Overview and Level Annotations

Branches:
Dungeon (9/15)             Temple (1/1) D:4          Bailey (visited)
   Lair: D:8-11         Orc: D:9-12

Altars:
Cheibriados
Elyvilon
Fedhas
Hepliaklqana
Kikubaaqudgha
Makhleb
Nemelex Xobeh
Okawaru
Qazlal
Ru
Sif Muna
Trog
Uskayaw
Vehumet
Wu Jian
Xom
Yredelemnul
Zin
The Shining One

Shops:
D:3 ?   D:6 (


Innate Abilities, Weirdness & Mutations

You are immune to sickness and miasma.
Your stone body is resilient. (AC +8)
You are immune to poison.
You resist negative energy. (rN+)
You are resistant to electric shocks. (rElec)
You are resistant to unholy torment.
You are immune to petrification.


Message History

The steam dragon claws you.
Casting: Stone Arrow (safe; 1% risk of failure)
Confirm with . or Enter, or press ? or * to list all spells.
Aiming: Stone Arrow (safe; 1% risk of failure)
Press: ? - help, Shift-Dir - straight line, f/p - yak
Aim: a yak (severely wounded, 87% to hit)
The stone arrow hits the yak!!
You kill the yak!
Vehumet accepts your kill. The steam dragon breathes steam at you.
The ball of steam hits you! The yak gores you!
Your Earth Magic skill increases to level 13!
The steam dragon breathes steam at you. The ball of steam hits you!!
* * * LOW HITPOINT WARNING * * *
The yak is engulfed in a cloud of scalding steam.
The yak is engulfed in a cloud of scalding steam.
The yak is engulfed in a cloud of scalding steam.
Things that are here:
a +0 flail; a +0 club
Items here: ))) †.
Things that are here:
a +2 spear of flaming; a +0 ring mail
Found a stone staircase leading up.
The yak gores you but does no damage.
There is a stone staircase leading down here.
There is a stone staircase leading up here.
The yak closely misses you.
You climb upwards.
There is a stone staircase leading down here.
Unknown command.
Casting: Stone Arrow (safe; 1% risk of failure)
Confirm with . or Enter, or press ? or * to list all spells.
Aiming: Stone Arrow (safe; 1% risk of failure)
Press: ? - help, Shift-Dir - straight line, f - yak
Aim: a yak (heavily wounded, 87% to hit)
The stone arrow hits the yak!
The yak is almost dead.
The yak gores you!
You die...

#.# #.# #.# #.# #.#
#.#############
####.#######.#...........#
...........#.#.#########.#
##########.#.#.#.......#.#
....)......#.#.#.#####.#.#
.....####....#.#Y#####.#.####
................@...........#
[....####....#.#.###........#
.....#######.#.#[# #........#
...............#.# #........#
...##########.##.###........#
...# #......#####.#### ...#
####......## #.# ...#
#..........# #.# ...#
#..........# #.#


You could see a yak.

Vanquished Creatures
  Pikel (D:8)
  An orc knight (Bailey)
  Maurice (D:8)
  Grinder (D:3)
  Prince Ribbit (D:5)
  A yak (D:9)
  A wyvern (D:4)
  Sigmund (D:6)
  Eustachio (D:5)
  A steam dragon (D:8)
  Edmund (D:5)
  Menkaure (D:4)
  A water moccasin (D:8)
  An orc warrior (D:7)
  2 sky beasts
  A black bear (D:4)
  4 ogres
  4 necrophages
  3 lemures (D:8)
  A kobold brigand (D:7)
  3 centaurs
  2 gnoll sergeants
  A wyvern zombie (D:7)
  A wyvern skeleton (D:7)
  A water moccasin skeleton (D:6)
  11 killer bees
  6 wights
  An electric eel (D:8)
  A howler monkey (D:6)
  2 jellies
  5 orc priests
  2 bullfrog skeletons
  7 hounds
  Crazy Yiuf (D:6)
  2 centaur skeletons (D:5)
  2 gnoll shamans
  6 iguanas
  Natasha (thrice) (D:3)
  9 orc wizards
  A killer bee zombie (D:7)
  2 hound skeletons (D:5)
  2 howler monkey zombies
  A howler monkey skeleton (D:4)
  22 gnolls
  8 adders
  2 shadow imps
  4 white imps
  2 ufetubi (D:5)
  An adder skeleton (D:4)
  2 worms (D:2)
  A dart slug (D:4)
  33 orcs
  5 bats
  2 endoplasms (D:3)
  4 giant cockroaches (D:1)
  8 goblins
  6 hobgoblins
  4 jackals (D:3)
  12 kobolds
  2 quokkas
  11 ball pythons
  7 frilled lizards
  4 rats
241 creatures vanquished.

Vanquished Creatures (others)
  A plant (D:8)
1 creature vanquished.

Grand Total: 242 creatures vanquished

Notes
Turn   | Place    | Note
-------+----------+-------------------------------------------
     0 | D:1      | Zeld the Gargoyle Earth Elementalist began the quest for
                  | the Orb.
     0 | D:1      | Reached XP level 1. HP: 10/10 MP: 3/3
   192 | D:1      | Reached skill level 1 in Transmutations
   192 | D:1      | Reached XP level 2. HP: 15/15 MP: 3/5
   200 | D:1      | Learned a level 2 spell: Passwall
   301 | D:1      | Reached skill level 4 in Earth Magic
   815 | D:1      | Reached XP level 3. HP: 19/19 MP: 4/6
   819 | D:1      | Learned a level 3 spell: Stone Arrow
  1544 | D:2      | Found a faded altar of an unknown god.
  1551 | D:2      | Identified the +6 leather armour of Amorality {Int+5}
  1955 | D:2      | Reached XP level 4. HP: 24/24 MP: 6/8
  2330 | D:3      | Noticed Grinder
  2330 | D:3      | Noticed a necrophage
  2356 | D:2      | Killed a necrophage
  2357 | D:2      | Reached skill level 5 in Earth Magic
  2357 | D:2      | Reached XP level 5. HP: 18/28 MP: 0/10
  2648 | D:3      | Noticed Natasha
  2656 | D:3      | Killed Natasha
  2882 | D:3      | Noticed Natasha
  3095 | D:3      | Found Seren's Magic Scroll Shoppe.
  3101 | D:3      | Bought a scroll of identify for 28 gold pieces
  3101 | D:3      | Bought a scroll of teleportation for 42 gold pieces
  3101 | D:3      | Bought a scroll of teleportation for 42 gold pieces
  3129 | D:3      | Killed Natasha
  3173 | D:3      | Found a glowing golden altar of the Shining One.
  3340 | D:3      | Paralysed by Grinder for 2 turns
  3344 | D:3      | Killed Grinder
  3345 | D:3      | Reached skill level 6 in Earth Magic
  3345 | D:3      | Reached XP level 6. HP: 32/32 MP: 0/12
  3350 | D:3      | Learned a level 4 spell: Petrify
  3474 | D:3      | Noticed Natasha
  3476 | D:3      | Killed Natasha
  3690 | D:4      | Found a shimmering altar of Xom.
  3734 | D:4      | Noticed Menkaure
  3742 | D:4      | Killed Menkaure
  3743 | D:4      | Reached skill level 1 in Conjurations
  3743 | D:4      | Reached skill level 7 in Earth Magic
  3743 | D:4      | Reached XP level 7. HP: 27/36 MP: 2/14
  3766 | D:3      | Bought a scroll of amnesia for 49 gold pieces
  3910 | D:4      | Found a staircase to the Ecumenical Temple.
  3923 | Temple   | Entered the Ecumenical Temple
  4044 | Temple   | Became a worshipper of Vehumet
  4104 | D:4      | Noticed a wyvern
  4114 | D:4      | Reached skill level 5 in Spellcasting
  4145 | D:4      | Killed a wyvern
  4531 | D:4      | Reached XP level 8. HP: 41/41 MP: 14/16
  5008 | D:5      | Entered Level 5 of the Dungeon
  5015 | D:5      | Reached * piety under Vehumet
  5015 | D:5      | Offered knowledge of Freeze by Vehumet.
  5021 | D:5      | HP: 2/41 [orc priest/divine providence (13)]
  5325 | D:4      | Reached skill level 8 in Earth Magic
  5760 | D:5      | Noticed Edmund
  5766 | D:5      | Killed Edmund
  6111 | D:5      | Reached skill level 9 in Earth Magic
  6220 | D:5      | Reached XP level 9. HP: 43/45 MP: 3/19
  6503 | D:5      | Identified the +7 scimitar "Roonlel" {drain, *Slow rElec
                  | Str+5 Stlth+}
  6512 | D:5      | Noticed Prince Ribbit
  6560 | D:5      | Found a sparkling altar of Nemelex Xobeh.
  6587 | D:5      | Killed Prince Ribbit
  6592 | D:4      | Reached skill level 10 in Earth Magic
  6922 | D:5      | Noticed Eustachio
  6934 | D:5      | Killed Eustachio
  7572 | D:6      | Reached skill level 5 in Conjurations
  7854 | D:3      | Bought a scroll of fear for 49 gold pieces
  7854 | D:3      | Bought a scroll of holy word for 105 gold pieces
  8006 | D:6      | Noticed Sigmund
  8009 | D:6      | Killed Sigmund
  8009 | D:6      | Offered knowledge of Poisonous Vapours by Vehumet.
  8171 | D:6      | Found a runed translucent door.
  8172 | D:6      | Noticed Crazy Yiuf
  8242 | D:6      | Found Refaw's Weapon Boutique.
  8256 | D:6      | Reached ** piety under Vehumet
  8363 | D:6      | Found a stormy altar of Qazlal.
  8746 | D:6      | Killed Crazy Yiuf
  8893 | D:7      | Reached skill level 11 in Earth Magic
  9065 | D:7      | Reached XP level 10. HP: 38/50 MP: 5/22
  9611 | D:7      | Offered knowledge of Mephitic Cloud by Vehumet.
  9737 | D:7      | Identified the +1 short sword "Stringbean" {spect, rPois
                  | MP+9 Str+3 Int+4}
 10457 | D:8      | Noticed Maurice
 10470 | D:8      | Killed Maurice
 10471 | D:8      | Reached skill level 12 in Earth Magic
 10863 | D:8      | Found a white marble altar of Elyvilon.
 10864 | D:8      | Reached *** piety under Vehumet
 11059 | D:8      | Noticed Pikel
 11164 | D:8      | Killed Pikel
 11298 | D:8      | Identified a scroll of acquirement
 11299 | D:8      | Acquired 1104 gold pieces
 11555 | D:8      | Found a hazy altar of Hepliaklqana.
 11739 | D:9      | Found a flagged portal.
 11758 | Bailey   | Entered a bailey
 12268 | Bailey   | Noticed an orc knight
 12481 | Bailey   | Killed an orc knight
 12835 | D:9      | Reached XP level 11. HP: 54/54 MP: 16/24
 12963 | D:9      | Reached skill level 13 in Earth Magic
 13002 | D:8      | Slain by a yak

Illustrated notes

Levels and vault maps discovered:
D:1:      saegor_arrival_simple_d, layout_loops_ring, minmay_shallow_snake_nest
D:2:      layout_basic, nicolae_ecumenical_oubliette
D:3:      layout_loops_cross, mainiacjoe_overflow_boulevard, serial_shops, shop,
          bh_walls_and_bars, uniq_natasha, uniq_grinder
D:4:      layout_rooms, xom_teletrap_fun, minmay_temple_entry_statues_fountains,
          minmay_fractal_squares_diagonal_5, uniq_menkaure
D:5:      layout_layer_cave, mainiacjoe_overflow_paths, nzn_random_ring,
          uniq_prince_ribbit1, uniq_eustachio, uniq_edmund
D:6:      layout_basic, lemuel_coloured_pillars_altar, serial_shops,
          nicolae_shop_advertising_works [nicolae_subvault_shop_adworks],
          uniq_sigmund, uniq_crazy_yiuf_cottage
D:7:      layout_cave_pools, grunt_decor_clamped, st_stairs_12,
          grunt_ministairs_8, hangedman_abyss_or_decor_stabs
D:8:      layout_basic, nicolae_elyvilon_temple_path, kennysheep_little_box,
          chequers_serial_rivers_large_b, nicolae_underground_beach, uniq_pikel,
          uniq_maurice
D:9:      layout_loops_corners, enter_bailey_5, uniq_erica
Temple:   nicolae_temple_god_jail

Skill      XL: |  1  2  3  4  5  6  7  8  9 10 11 |
---------------+----------------------------------+-----
Transmutations | 1 2 |  2.0
Earth Magic    | 4 5 6 7 9 11 12 13 | 13.0
Spellcasting   | 3 4 5 6 8 9 |  9.9
Conjurations   | 1 2 4 5 7 |  7.2
Dodging        | |  1.5
Stealth        | |  2.1

Action                   |  1- 3 |  4- 6 |  7- 9 | 10-12 || total
-------------------------+-------+-------+-------+-------++-------
Melee: Unarmed           |    14 |    21 |     4 |       ||    39
       Dire flail        |       |       |    43 |     9 ||    52
       Short sword       |       |       |       |    49 ||    49
       Punch             |       |       |       |     2 ||     2
 Cast: Sandblast         |    51 |    25 |    11 |     3 ||    90
       Stone Arrow       |       |     7 |   131 |   123 ||   261
  Use: Scroll            |       |       |     4 |     4 ||     8
 Stab: Sleeping          |       |       |       |     1 ||     1
Armor: Robe              |    11 |       |       |       ||    11
       Leather armour    |       |    14 |    95 |    58 ||   167
       Skin              |       |     1 |       |       ||     1
Dodge: Dodged            |    12 |    17 |    82 |    74 ||   185
       Repelled          |       |     1 |     5 |     1 ||     7
Block: Other             |       |       |     2 |    23 ||    25
